AoeStats
← renatomuzzi

Arena

509918494Analyzed
4v4 RM · 2d ago on Sep 28, 2026· 66m 35s· 8 players
Game mode
Random Map
Map size
Large (8 player)
Population
200
Speed
Normal
Resources
Standard
Victory
Conquest
Starting age
Dark Age
Ending age
Imperial Age
RankedLock teamsTeams togetherTeam positionsShared explorationLock speedFull tech treeHidden civsTurbo modeCheats
Victory
Defeat
🇺🇸 Britons · United States
680
+9
🇲🇽 Cumans · Mexico
613
+12
🇹🇷 Khmer · Türkiye
609
+12
🇺🇸 Teutons · United States
585
+13
🇨🇱 Franks · Chile
636
-17
🇹🇷 Slavs · Türkiye
546
-12
🇨🇦 Spanish · Canada
454
-9
🇧🇷 Japanese · Brazil
432
-8
Sour
7:57 Loom
13:01 Feudal Age
16:16 Wheelbarrow
22:27 Fletching
22:42 Man-at-Arms
renatomuzzi
0:52 Loom
10:11 Feudal Age
11:28 Double-Bit Axe
13:21 Town Watch
14:12 Wheelbarrow
17:49 Horse Collar
20:18 Arson
21:02 Bloodlines
21:16 Man-at-Arms
22:01 Gold Mining
22:03 Stone Mining
28:51 Castle Age
FENERBAHCE
15:17 Feudal Age
19:32 Castle Age
31:09 Detinets
34:34 Imperial Age
33:23 Gold Mining
33:23 Stone Mining
33:24 Double-Bit Axe
33:23 Horse Collar
34:19 Bow Saw
34:51 Gold Shaft Mining
34:31 Heavy Plow
34:41 Elite Boyar
38:52 Scale Barding Armor
38:58 Forging
38:49 Padded Archer Armor
38:40 Fletching
38:51 Scale Mail Armor
42:36 Druzhina
42:58 Conscription
45:17 Chain Barding Armor
45:13 Chain Mail Armor
47:30 Heavy Scorpion
49:40 Caravan
51:17 Plate Barding Armor
51:18 Iron Casting
54:32 Two-Man Saw
54:39 Crop Rotation
54:43 Plate Mail Armor
55:14 Blast Furnace
54:10 Bodkin Arrow
54:45 Leather Archer Armor
57:23 Sappers
58:29 Hoardings
61:46 Squires
61:07 Pikeman
ALEX_THE_KING
11:31 Feudal Age
12:54 Wheelbarrow
12:08 Double-Bit Axe
20:57 Castle Age
22:01 Hand Cart
22:03 Bow Saw
24:47 Gold Mining
24:49 Stone Mining
25:10 Caravan
36:05 Husbandry
36:19 Scale Barding Armor
36:24 Forging
37:28 Chain Barding Armor
41:27 Imperial Age
42:25 Fortified Wall
43:24 Chemistry
42:30 Cavalier
44:33 Paladin
45:55 Plate Barding Armor
45:56 Iron Casting
49:54 Scale Mail Armor
50:58 Blast Furnace
56:44 Gold Shaft Mining
Hitman4Hire24
0:28 Loom
13:09 Feudal Age
14:41 Wheelbarrow
13:57 Double-Bit Axe
14:03 Town Watch
14:30 Horse Collar
15:57 Gold Mining
18:44 Stone Mining
19:15 Scale Mail Armor
20:14 Man-at-Arms
21:00 Arson
22:05 Forging
31:22 Castle Age
31:32 Scale Barding Armor
31:28 Padded Archer Armor
31:19 Fletching
32:59 Hand Cart
32:46 Town Patrol
33:10 Chain Barding Armor
33:26 Iron Casting
33:12 Caravan
33:47 Bow Saw
34:51 Bodkin Arrow
35:12 Leather Archer Armor
35:13 Chain Mail Armor
35:23 Crossbowman
35:25 Elite Skirmisher
36:21 Bloodlines
35:35 Long Swordsman
37:33 Heavy Plow
38:07 Coinage
39:42 Pikeman
40:09 Gambesons
40:24 Squires
46:11 Stone Shaft Mining
50:46 Ironclad
56:47 Imperial Age
59:43 Cavalier
59:47 Halberdier
59:48 Two-Handed Swordsman
59:56 Elite Teutonic Knight
60:58 Crenellations
drtySASQUATCH69
0:31 Loom
18:28 Feudal Age
20:28 Wheelbarrow
19:40 Horse Collar
19:53 Gold Mining
19:58 Stone Mining
19:44 Man-at-Arms
20:11 Arson
20:20 Double-Bit Axe
22:20 Forging
22:12 Scale Mail Armor
31:16 Castle Age
32:17 Bow Saw
32:10 Heavy Plow
32:04 Fletching
32:15 Padded Archer Armor
32:41 Hand Cart
33:45 Bodkin Arrow
34:06 Leather Archer Armor
34:42 Gold Shaft Mining
35:42 Caravan
37:10 Iron Casting
36:50 Chain Mail Armor
42:22 Imperial Age
40:34 Ballistics
40:38 Yeomen
44:27 Two-Man Saw
43:47 Guilds
44:19 Conscription
43:23 Elite Longbowman
44:09 Bracer
44:39 Ring Archer Armor
44:35 Pikeman
45:01 Gambesons
45:17 Squires
47:19 Chemistry
45:46 Halberdier
48:47 Siege Engineers
49:25 Hoardings
56:29 Warwolf
66:14 Fortified Wall
66:15 Masonry
66:02 Murder Holes
akgun_demirtas_96
0:31 Loom
13:32 Feudal Age
14:50 Wheelbarrow
13:58 Horse Collar
14:23 Double-Bit Axe
18:29 Town Watch
25:12 Castle Age
24:09 Stone Mining
24:10 Gold Mining
26:28 Hand Cart
26:51 Gold Shaft Mining
26:19 Heavy Plow
32:22 Stone Shaft Mining
37:36 Town Patrol
38:06 Tusk Swords
47:29 Imperial Age
46:50 Light Cavalry
47:40 Bloodlines
47:31 Husbandry
48:46 Crop Rotation
48:34 Bow Saw
49:00 Elite Battle Elephant
54:10 Cavalier
54:11 Hussar
54:12 Cavalier
54:16 Hussar
58:11 Double Crossbow
58:31 Conscription
57:42 Sappers
58:47 Hoardings
57:33 Elite Ballista Elephant
Itacate
0:27 Loom
11:07 Feudal Age
13:08 Town Watch
14:15 Wheelbarrow
18:46 Horse Collar
18:55 Double-Bit Axe
20:35 Gold Mining
20:36 Stone Mining
22:39 Stone Mining
27:26 Castle Age
26:40 Forging
26:21 Fletching
30:30 Capped Ram
31:19 Crossbowman
33:41 Gold Shaft Mining
33:29 Hand Cart
37:31 Imperial Age
36:41 Steppe Husbandry
37:58 Pikeman
38:39 Squires
38:25 Arson
38:01 Man-at-Arms
38:44 Padded Archer Armor
40:42 Halberdier
41:35 Scale Mail Armor
41:40 Scale Barding Armor
41:30 Bodkin Arrow
41:51 Leather Archer Armor
42:47 Heavy Plow
42:58 Bow Saw
43:20 Onager
43:21 Siege Ram
44:48 Elite Skirmisher
46:39 Cuman Mercenaries
48:46 Thumb Ring
50:35 Heated Shot
50:43 Murder Holes
56:07 Iron Casting
56:40 Conscription
57:36 Town Patrol
58:08 Crop Rotation
60:42 Ring Archer Armor
60:28 Chain Mail Armor
61:13 Blast Furnace
60:28 Chain Mail Armor
61:13 Blast Furnace
62:05 Chain Barding Armor
62:50 Chemistry
62:10 Ballistics
62:01 Masonry
61:59 Atonement
62:20 Sanctity
62:30 Cuman Mercenaries
64:06 Hoardings
65:45 Two-Man Saw
Connection lost

Rejoining the realm…

Still unreachable

The connection could not be restored.

Session expired

The server has moved on; the page needs a fresh start.